[ PARTIDA AOE2 · #476642519 ]
UnrankedMagiares vs Spanish
Equipo del jugador · VICT
Equipo rival · DERR
[ ANÁLISIS DE REPETICIÓN · EXTRAÍDO DE LA PARTIDA GRABADA ]
Feudal
9:22
Castillos
—
Imperial
—
| APM promedio | 27.9 |
| APM pico | 66 |
| eAPM promedio | 14.4 |
| Aldeanos / militares | 30 / 6 |
Foco
⚔️ 20.5% · 🌾 79.5%
Spearman ×3 · Scout Cavalry ×3
Feudal
9:16
Castillos
—
Imperial
—
| APM promedio | 42.1 |
| APM pico | 99 |
| eAPM promedio | 17.8 |
| Aldeanos / militares | 24 / 3 |
Foco
⚔️ 33.3% · 🌾 66.7%
Scout Cavalry ×2 · Spearman ×1
Mapa de la partida
Recursos iniciales + cada clic de construcción. Líneas = muros · curvas = relieve. ◆ oro · ⬟ piedra · ● bayas · ✦ reliquia · ◌ hueco del cierre
Tu base· Abierta — el rival se encerró
Base de Oid Mortales· ✓ Cerrada en 12:00 · 49t muro · sin puerta
Terreno inicial suavizado · ◌ = hueco del cierre detectado · pasá el cursor para detalles
Inputs por minuto
— davidmhr - - Oid Mortales
Build order — davidmhr
64 acciones detectadas en el replay
| 0:01 | Crear | Villager (Male) |
| 0:01 | Crear | Villager (Male) |
| 0:02 | Crear | Villager (Male) |
| 0:02 | Crear | Villager (Male) |
| 0:02 | Crear | Villager (Male) |
| 0:02 | Crear | Villager (Male) |
| 0:04 | Construir | House |
| 0:05 | Construir | House |
| 0:59 | Construir | Mill |
| 1:40 | Crear | Villager (Male) |
| 2:04 | Crear | Villager (Male) |
| 2:37 | Crear | Villager (Male) |
| 2:37 | Crear | Villager (Male) |
| 2:37 | Crear | Villager (Male) |
| 2:59 | Crear | Villager (Male) |
| 3:18 | Crear | Villager (Male) |
| 3:34 | Construir | House |
| 3:36 | Construir | House |
| 3:46 | Crear | Villager (Male) |
| 4:08 | Crear | Villager (Male) |
| 4:29 | Crear | Villager (Male) |
| 4:30 | Crear | Villager (Male) |
| 4:30 | Crear | Villager (Male) |
| 4:30 | Crear | Villager (Male) |
| 4:30 | Crear | Villager (Male) |
| 5:08 | Crear | Villager (Male) |
| 5:19 | Crear | Villager (Male) |
| 6:12 | Construir | Lumber Camp |
| 6:32 | Investigar | Loom |
| 6:57 | Investigar | Feudal Age |
| 8:19 | Construir | Barracks |
| 8:21 | Construir | House |
| 8:25 | Crear | Villager (Male) |
| 8:40 | Construir | House |
| 9:06 | Crear | Villager (Male) |
| 9:22 | Edad | Edad Feudal |
| 9:24 | Construir | Stable |
| 9:30 | Construir | Palisade Wall |
| 9:45 | Construir | House |
| 9:51 | Construir | House |
| 9:54 | Crear | Spearman |
| 9:57 | Crear | Villager (Male) |
| 10:13 | Crear | Scout Cavalry |
| 10:13 | Crear | Scout Cavalry |
| 10:29 | Investigar | Double-Bit Axe |
| 10:31 | Crear | Villager (Male) |
| 10:42 | Construir | House |
| 10:48 | Crear | Spearman |
| 10:49 | Crear | Villager (Male) |
| 10:55 | Construir | Mill |
| 10:56 | Crear | Spearman |
| 11:00 | Construir | House |
| 11:02 | Construir | Palisade Wall |
| 11:15 | Crear | Scout Cavalry |
| 11:37 | Construir | Farm |
| 11:37 | Construir | Farm |
| 11:37 | Construir | Farm |
| 11:44 | Crear | Villager (Male) |
| 11:45 | Crear | Villager (Male) |
| 11:58 | Construir | Farm |
| 12:15 | Crear | Villager (Male) |
| 12:21 | Construir | House |
| 12:24 | Construir | Palisade Wall |
| 12:26 | Construir | Palisade Wall |
Build order — Oid Mortales
62 acciones detectadas en el replay
| 0:01 | Crear | Villager (Male) |
| 0:01 | Crear | Villager (Male) |
| 0:02 | Construir | House |
| 0:03 | Construir | House |
| 0:11 | Crear | Villager (Male) |
| 0:16 | Crear | Villager (Male) |
| 1:30 | Crear | Villager (Male) |
| 1:57 | Crear | Villager (Male) |
| 2:19 | Crear | Villager (Male) |
| 2:22 | Construir | Lumber Camp |
| 2:42 | Crear | Villager (Male) |
| 2:58 | Crear | Villager (Male) |
| 3:02 | Construir | House |
| 3:11 | Crear | Villager (Male) |
| 3:41 | Crear | Villager (Male) |
| 3:41 | Crear | Villager (Male) |
| 4:09 | Crear | Villager (Male) |
| 4:44 | Construir | Mill |
| 5:20 | Crear | Villager (Male) |
| 5:20 | Crear | Villager (Male) |
| 5:45 | Crear | Villager (Male) |
| 6:04 | Crear | Villager (Male) |
| 6:21 | Investigar | Loom |
| 7:05 | Investigar | Feudal Age |
| 8:00 | Construir | House |
| 8:06 | Construir | Barracks |
| 8:24 | Construir | Palisade Wall |
| 8:49 | Construir | House |
| 8:54 | Construir | Palisade Wall |
| 9:16 | Edad | Edad Feudal |
| 9:19 | Construir | Stable |
| 9:27 | Construir | Palisade Wall |
| 9:32 | Crear | Villager (Male) |
| 9:46 | Investigar | Double-Bit Axe |
| 9:47 | Crear | Villager (Male) |
| 9:51 | Construir | Palisade Wall |
| 9:57 | Construir | Palisade Wall |
| 9:58 | Construir | Palisade Wall |
| 10:03 | Crear | Villager (Male) |
| 10:06 | Construir | House |
| 10:06 | Construir | Palisade Wall |
| 10:07 | Construir | Palisade Wall |
| 10:07 | Construir | Palisade Wall |
| 10:09 | Crear | Scout Cavalry |
| 10:11 | Crear | Villager (Male) |
| 10:12 | Crear | Spearman |
| 10:21 | Crear | Villager (Male) |
| 10:44 | Construir | House |
| 10:45 | Construir | Palisade Wall |
| 10:49 | Construir | Mill |
| 10:53 | Construir | Palisade Wall |
| 10:56 | Crear | Villager (Male) |
| 11:01 | Crear | Scout Cavalry |
| 11:08 | Construir | Palisade Wall |
| 11:15 | Construir | Farm |
| 11:17 | Construir | Farm |
| 11:20 | Construir | Farm |
| 11:31 | Construir | Farm |
| 11:41 | Construir | Farm |
| 11:43 | Construir | Farm |
| 11:45 | Crear | Villager (Male) |
| 12:10 | Construir | House |
Cronología de la partida
| 8:06 | Oid Mortales · first_building Barracks |
| 8:19 | davidmhr · first_building Barracks |
| 8:24 | Oid Mortales · wall_segment Palisade Wall x1 |
| 8:54 | Oid Mortales · wall_segment Palisade Wall x18 |
| 9:16 | Oid Mortales · age_up feudal |
| 9:19 | Oid Mortales · first_building Stable |
| 9:22 | davidmhr · age_up feudal |
| 9:24 | davidmhr · first_building Stable |
| 9:27 | Oid Mortales · wall_segment Palisade Wall x10 |
| 9:30 | davidmhr · wall_segment Palisade Wall x5 |
| 9:51 | Oid Mortales · wall_segment Palisade Wall x1 |
| 9:57 | Oid Mortales · wall_segment Palisade Wall x1 |
| 9:58 | Oid Mortales · wall_segment Palisade Wall x1 |
| 10:06 | Oid Mortales · wall_segment Palisade Wall x1 |
| 10:07 | Oid Mortales · wall_segment Palisade Wall x1 |
| 10:07 | Oid Mortales · wall_segment Palisade Wall x1 |
| 10:45 | Oid Mortales · wall_segment Palisade Wall x3 |
| 10:53 | Oid Mortales · wall_segment Palisade Wall x8 |
| 11:02 | davidmhr · wall_segment Palisade Wall x13 |
| 11:08 | Oid Mortales · wall_segment Palisade Wall x6 |
| 12:24 | davidmhr · wall_segment Palisade Wall x9 |
| 12:26 | davidmhr · wall_segment Palisade Wall x3 |
| 12:30 | Oid Mortales · resign |
[ ANÁLISIS IA · 1 CRÉDITO ]
¿Qué pasó realmente en esta partida?
Wolo.gg analiza cada decisión: build order, eco, micro, errores típicos por bracket. Análisis personalizado por WhatsApp o Discord en 30 segundos.
Guía civ
Magiares
Perfil
Jugador #9510522